 Dungeon Crawl Stone Soup version 0.28.0-47-ge53b351184 (webtiles) character file.

Game seed: 12334201138909896431

42539 DildoBatman the Geomancer (level 14, -13/109 HPs)
             Began as a Formicid Conjurer on May 4, 2022.
             Was an Initiate of Gozag.
             Mangled by a large abomination (30 damage)
             ... in a Gauntlet.
             The game lasted 01:23:24 (16393 turns).

DildoBatman the Geomancer (Formicid Conjurer)      Turns: 16393, Time: 01:23:25

Health: -13/109    AC:  9    Str: 12 (13) XL:     14   Next: 55%
Magic:  14/24      EV: 18    Int: 16      God:    Gozag
Gold:   2458       SH:  0    Dex: 13      Spells: 3/27 levels left

rFire   . . .      SeeInvis +   a - +1 long sword (elec)
rCold   . . .      Faith    .   (no shield)
rNeg    . . .      Spirit   .   o - +0 troll leather armour
rPois   .          Reflect  .   (helmet unavailable)
rElec   .          Harm     .   V - +0 cloak {Will+}
rCorr   .          Rampage  .   (no gloves)
Will    +++..                   (no boots)
Stlth   ++........              m - amulet of magic regeneration
HPRegen 1.08/turn               B - ring of willpower
MPRegen 0.59/turn               Q - +4 ring of evasion

@: gold aura
A: permanent stasis, dig shafts and tunnels, antennae 3, four strong arms,
iridescent scales 1, dopey 1
a: Dig, Renounce Religion, Potion Petition, Call Merchant, Bribe Branch


You were in a Gauntlet.
You worshipped Gozag.
Gozag was most pleased with you.
You visited 4 branches of the dungeon, and saw 17 of its levels.
You also visited: Gauntlet.

You collected 2920 gold pieces.
You spent 13 gold pieces at shops.
You paid 449 gold pieces to Gozag.

Inventory:

Hand Weapons
 a - a +1 long sword of electrocution (weapon)
 b - a +2 shortbow of flaming
 d - a +2 great sword of venom
 e - a +4 demon trident of electrocution
Missiles
 c - 390 arrows
 k - 35 stones
 q - 115 bolts
 v - 2 curare-tipped darts (quivered)
 x - a throwing net
 G - 4 poisoned darts
 K - 105 sling bullets
 X - 12 javelins
Armour
 h - a +2 robe of the Archmagi
 o - a +0 troll leather armour (worn)
 O - +1 storm dragon scales
 P - the -4 pair of boots of Fortification {rElec Will+ Str-5 Dex+4}
   (You found it in a Gauntlet)

   Str:       It affects your strength (-5).
   Dex:       It affects your dexterity (+4).
   rElec:     It insulates you from electricity.
   Will:      It increases your willpower.
 R - a +4 scale mail of fire resistance
 T - a +2 robe of cold resistance
 V - a +0 cloak of willpower (worn)
Magical Staves
 M - a staff of air
 W - a staff of earth
Jewellery
 g - an amulet of the acrobat
 m - an amulet of magic regeneration (around neck)
 B - a ring of willpower (left hand)
 E - a ring of flight
 L - a +6 ring of strength
 Q - a +4 ring of evasion (right hand)
 S - a ring of ice
Wands
 F - a wand of flame (7)
 H - a wand of paralysis (2)
 U - a wand of iceblast (3)
Scrolls
 i - 2 scrolls of noise {unknown}
 l - 2 scrolls of amnesia {unknown}
 r - a scroll of fog {unknown}
 t - 2 scrolls of enchant armour {unknown}
 y - a scroll of holy word {unknown}
 z - 2 scrolls of identify
 I - 4 scrolls of immolation
 Y - 2 scrolls of fear {unknown}
Potions
 f - 7 potions of curing
 n - 3 potions of brilliance {unknown}
 p - a potion of cancellation {unknown}
 s - 2 potions of berserk rage {unknown}
 u - 2 potions of attraction {unknown}
 w - 3 potions of haste {unknown}
 C - 3 potions of resistance {unknown}
 D - 2 potions of heal wounds
 J - 2 potions of lignification {unknown}
 N - 2 potions of mutation {unknown}
Miscellaneous
 j - a phantom mirror
 A - a tin of tremorstones (2/2)


   Skills:
 * Level 9.8 Fighting
 * Level 9.8 Armour
 - Level 7.0 Dodging
 - Level 2.4 Stealth
 - Level 7.0 Spellcasting
 - Level 6.0 Conjurations
 - Level 12.0 Necromancy
 - Level 6.0 Air Magic
 * Level 12.2 Earth Magic
 - Level 6.0 Poison Magic


You had 3 spell levels left.
You knew the following spells:

 Your Spells              Type           Power      Damage    Failure   Level
a - Borgnjor's Vile Clut  Necr/Erth      22%        N/A       3%          5
b - Magic Dart            Conj           96%        1d7       1%          1
c - Searing Ray           Conj           48%        2d6       1%          2
d - Vampiric Draining     Necr           44%        2d9       1%          3
e - Mephitic Cloud        Conj/Pois/Air  24%        N/A       3%          3
g - Petrify               Tmut/Erth      25%        N/A       12%         4
h - Dispel Undead         Necr           44%        3d17      1%          4
z - Sublimation of Blood  Necr           44%        N/A       1%          2

Your spell library contained the following spells:

 Spells                   Type           Power      Damage    Failure   Level
 Animate Skeleton         Necr           88%        N/A       1%          1
 Sandblast                Erth           88%        2d18      1%          1
 Corpse Rot               Necr/Air       68%        N/A       1%          2
 Passwall                 Tmut/Erth      20%        N/A       1%          2
 Stone Arrow              Conj/Erth      68%        3d11      1%          3
 Dazzling Flash           Conj/Hex       30%        N/A       13%         3
 Spider Form              Tmut/Pois      15%        N/A       13%         3
 Slow                     Hex            20%        N/A       16%         1
 Call Imp                 Summ           5%         N/A       22%         2
 Ensorcelled Hibernation  Hex/Ice        10%        N/A       22%         2
 Wereblood                Tmut           5%         N/A       22%         2
 Confusing Touch          Hex            5%         N/A       41%         3
 Portal Projectile        Hex/Tloc       10%        N/A       41%         3
 Animate Dead             Necr           22%        N/A       1%          4
 Agony                    Necr           44%        N/A       3%          5
 Airstrike                Air            12%        N/A       13%         4
 Anguish                  Hex/Necr       12%        N/A       13%         4
 Death Channel            Necr           22%        N/A       17%         6
 Iskenderun's Battlesphe  Conj           24%        2d8       34%         5
 Lightning Bolt           Conj/Air       12%        1d25      34%         5
 Fulminant Prism          Conj/Hex       7%         3d7       41%         4
 Iskenderun's Mystic Bla  Conj/Tloc      15%        2d5       41%         4
 Sticky Flame             Conj/Fire      15%        2d4       41%         4
 Summon Lightning Spire   Summ/Air       15%        N/A       41%         4
 Alistair's Intoxication  Tmut/Pois      10%        N/A       77%         5
 Fireball                 Conj/Fire      7%         3d5       77%         5
 Irradiate                Conj/Tmut      7%         3d16      77%         5
 Silence                  Hex/Air        7%         N/A       77%         5
 Passage of Golubria      Tloc           5%         N/A       83%         4
 Conjure Ball Lightning   Conj/Air       12%        3x3d6     89%         6
 Simulacrum               Ice/Necr       12%        N/A       89%         6
 Eringya's Noxious Bog    Tmut/Pois      7%         N/A       100%        6
 Starburst                Conj/Fire      7%         6d4       100%        6
 Haunt                    Necr/Summ      12%        N/A       100%        7
 Orb of Destruction       Conj           12%        9d7       100%        7
 Summon Hydra             Summ           2%         N/A       100%        7
 Borgnjor's Revivificati  Necr           22%        N/A       100%        8
 Discord                  Hex            2%         N/A       100%        8
 Disjunction              Tloc           2%         N/A       100%        8
 Infestation              Necr           22%        N/A       100%        8
 Lehudib's Crystal Spear  Conj/Erth      17%        10d5      100%        8
 Necromutation            Tmut/Necr      12%        N/A       100%        8
 Chain Lightning          Conj/Air       12%        3d16      100%        9
 Death's Door             Necr           22%        N/A       100%        9
 Fire Storm               Conj/Fire      7%         8d2       100%        9
 Shatter                  Erth           22%        3d19*     100%        9
 Swiftness                Air            Unusable   N/A       N/A         3

Dungeon Overview and Level Annotations

Branches:
Dungeon (10/15)            Temple (1/1) D:5            Lair (4/6) D:9
    Orc (2/2) D:10            Elf (0/3) Orc:2       Gauntlet (1/1)
  Swamp: Lair:2-4    Shoals: Lair:2-4     Snake: Lair:2-4    Spider: Lair:2-4

Altars:
Ashenzari
Cheibriados
Dithmenos
Elyvilon
Fedhas
Gozag
Hepliaklqana
Kikubaaqudgha
Makhleb
Nemelex Xobeh
Okawaru
Qazlal
Ru
Sif Muna
Trog
Uskayaw
Vehumet
Wu Jian
Xom
Yredelemnul
Zin
The Shining One
Beogh

Shops:
D:1 (   D:5 *   D:9 [   D:10 !   Orc:2 [*:(

Annotations:
Gauntlet 9 transporters


Innate Abilities, Weirdness & Mutations

You cannot be hasted, slowed, berserked, paralysed or teleported.
You can dig through walls and to a lower floor.
You have a pair of large antennae on your head. (SInv)
Your four strong arms can wield two-handed weapons with a shield.
You are partially covered in iridescent scales. (AC +2)
You are dopey. (Int -2)


Message History

Confirm with . or Enter, or press ? or * to list all spells.
Aiming: Borgnjor's Vile Clutch (dangerous; 3% risk of failure)
Press: ? - help, Shift-Dir - straight line, f - large abomination, p - small abomination
Aim: a large abomination (100% to hit)
Zombie hands grab the large abomination.
The zombie hands constrict the large abomination.
The large abomination completely misses you.
Casting: Borgnjor's Vile Clutch (dangerous; 3% risk of failure)
Confirm with . or Enter, or press ? or * to list all spells.
Aiming: Borgnjor's Vile Clutch (dangerous; 3% risk of failure)
Press: ? - help, Shift-Dir - straight line, f - small abomination, p - large abomination
Aim: a small abomination (heavily damaged, 100% to hit)
Zombie hands grab the large abomination. x2
The small abomination is no longer distracted by gold.
Zombie hands grab the small abomination.
The zombie hands constrict the small abomination!
The zombie hands constrict the large abomination, but do no damage.
The zombie hands constrict the large abomination.
The zombie hands constrict the large abomination!
The large abomination completely misses you.
The large abomination hits you!!
The small abomination struggles to escape constriction.
You hit the large abomination.
The large abomination is moderately damaged.
The zombie hands constrict the small abomination!
You destroy the small abomination!
The zombie hands constrict the large abomination, but do no damage.
The zombie hands constrict the large abomination.
The zombie hands constrict the large abomination!
The large abomination hits you!!
The large abomination barely misses you.
The large abomination hits you!!
You hit the large abomination.
The large abomination is moderately damaged.
The zombie hands constrict the large abomination! x3
The zombie hands release their grip on the large abomination.
The large abomination barely misses you.
The large abomination hits you!!
You die...
Your body crumbles into a pile of gold.

#.###.###.###
............#
...©.©.©...#
#.........############
############≈#§#≈#≈#≈###
...8.∩.8.......§......§#
......................##
.#########.#########..§#
.#Z##©Z[.#.#.[xX@X.#..##
.#..##.[##.#..X###.#..≈#
.#...#.###.#.$.###.#..##
.#.##.##Z#.#...###.#..≈#
.###.#...#.#.##©...#..##
.##..##..#.#.##..#.#..≈#
.#..ZZ##.#.#.X.....#..##
####################..≈#
.....©.........©.#...###


You could see 3 large abominations and a small abomination.

Vanquished Creatures
  The ghost of Huasawuy the Grappler, a journeyman TrWz of Okawaru (Lair:3)
  Fannar (Orc:1)
  A catoblepas (Lair:2)
  5 hydras
  A death yak (Lair:3)
  Urug (Orc:1)
  5 orc high priests (Orc:2)
  The ghost of Elsvaer the Thaumaturge, a novice DEEE of Vehumet (D:9)
  6 orc knights
  5 orc sorcerers
  A deep elf zephyrmancer (D:9)
  A cyclops (Orc:2)
  An ugly thing (D:8)
  Maurice (Orc:1)
  A moth of wrath (Gauntlet)
  5 cane toads
  A rime drake (Lair:2)
  A kobold demonologist (D:7)
  5 komodo dragons
  A hydra zombie (Lair:1)
  4 trolls
  A hornet (D:10)
  Grinder (D:6)
  13 blink frogs
  Sigmund (D:6)
  A vampire (D:10)
  3 small abominations (Gauntlet)
  42 yaks
  2 wraiths
  2 basilisks (Lair:3)
  A steam dragon (D:9)
  2 vampire mosquitoes (D:10)
  6 wargs
  2 swamp worms (Gauntlet)
  A cane toad zombie (Lair:2)
  8 water moccasins
  31 orc warriors
  3 black bears
  An elephant zombie (Lair:1)
  A cane toad skeleton (Lair:1)
  3 ice beasts
  A swamp drake (D:9)
  4 necrophages (D:8)
  3 ogres
  9 wolves
  8 centaurs
  A phantom (D:4)
  3 kobold brigands
  2 komodo dragon zombies
  12 bullfrogs
  A scorpion (D:5)
  6 water moccasin zombies
  3 wyvern zombies
  A warg zombie (Orc:2)
  A wyvern skeleton (D:5)
  17 wights
  7 killer bees
  A polar bear zombie (Lair:3)
  A warg skeleton (Orc:2)
  2 troll skeletons (Orc:2)
  2 electric eels
  4 howler monkeys (D:9)
  2 centaur zombies
  2 crimson imps
  A bullfrog zombie (Lair:3)
  5 jellies
  A centaur skeleton (D:5)
  2 hounds
  20 orc priests
  Crazy Yiuf (D:3)
  A gnoll shaman (D:8)
  An iron imp (D:9)
  7 iguanas
  27 orc wizards
  A scorpion zombie (D:5)
  A killer bee zombie (D:7)
  2 ogre zombies (Orc:2)
  3 centaur simulacra (D:9)
  A mummy (D:8)
  A killer bee simulacrum (D:9)
  4 adders
  8 gnolls
  2 orc zombies (Orc:2)
  6 orc skeletons (Orc:2)
  A shadow imp (D:9)
  4 white imps
  An ufetubus (D:9)
  An adder skeleton (D:4)
  An adder zombie (D:5)
  3 worms
  3 dart slugs
  101 orcs
  5 endoplasms
  3 giant cockroaches
  16 goblins
  9 hobgoblins
  11 jackals
  12 kobolds
  3 quokkas
  6 ball pythons
  6 bats
  6 frilled lizards
  10 rats
564 creatures vanquished.

Vanquished Creatures (others)
  A deep elf pyromancer (D:9)
  An orc priest (Orc:2)
  An orc wizard (D:7)
  3 orcs
  68 fungi
  55 plants
  5 withered plants (D:8)
134 creatures vanquished.

Grand Total: 698 creatures vanquished

Notes
Turn   | Place    | Note
-------+----------+-------------------------------------------
     0 | D:1      | DildoBatman the Formicid Conjurer began the quest for the
                  | Orb.
     0 | D:1      | Reached XP level 1. HP: 13/13 MP: 3/3
    44 | D:1      | Found Ameblac's Antique Weapon Boutique.
   133 | D:1      | Reached XP level 2. HP: 18/19 MP: 1/5
   146 | D:1      | Learned a level 2 spell: Searing Ray
   208 | D:1      | Reached XP level 3. HP: 24/24 MP: 1/6
   362 | D:1      | Found a faded altar of an unknown god.
   929 | D:2      | Reached XP level 4. HP: 30/30 MP: 4/7
  1015 | D:2      | You fall into a shaft and drop 2 floors!
  1033 | D:3      | Reached skill level 5 in Conjurations
  1145 | D:3      | Reached XP level 5. HP: 35/35 MP: 3/8
  2016 | D:3      | Found a bloodstained altar of Trog.
  2099 | D:3      | Found a burning altar of Makhleb.
  2210 | D:3      | Found a runed translucent door.
  2211 | D:3      | Noticed Crazy Yiuf
  2327 | D:4      | Noticed a phantom
  2344 | D:4      | Killed a phantom
  2345 | D:4      | Reached skill level 1 in Fighting
  2345 | D:4      | Reached skill level 1 in Armour
  2345 | D:4      | Reached XP level 6. HP: 41/43 MP: 5/9
  2606 | D:4      | Reached XP level 7. HP: 50/50 MP: 7/11
  2964 | D:5      | Entered Level 5 of the Dungeon
  2964 | D:5      | Found Liusk's Gadget Gallery.
  3089 | D:5      | Reached XP level 8. HP: 60/60 MP: 8/14
  3274 | D:5      | Found a staircase to the Ecumenical Temple.
  3349 | Temple   | Entered the Ecumenical Temple
  3459 | Temple   | Became a worshipper of Kikubaaqudgha
  3726 | D:3      | Killed Crazy Yiuf
  4055 | D:5      | Found a glowing golden altar of the Shining One.
  4185 | D:6      | Noticed Grinder
  4239 | D:6      | Reached skill level 5 in Spellcasting
  4319 | D:6      | Reached skill level 5 in Armour
  4337 | D:6      | Killed Grinder
  4338 | D:6      | Reached skill level 5 in Fighting
  4338 | D:6      | Reached skill level 1 in Necromancy
  4338 | D:6      | Reached XP level 9. HP: 32/68 MP: 3/16
  4352 | D:6      | Noticed Sigmund
  4447 | D:6      | Found a snail-covered altar of Cheibriados.
  4535 | D:6      | Found a sparkling altar of Nemelex Xobeh.
  4785 | D:6      | Killed Sigmund
  4823 | D:6      | Reached * piety under Kikubaaqudgha
  4823 | D:6      | Received a gift from Kikubaaqudgha
  4977 | D:7      | Learned a level 2 spell: Sublimation of Blood
  4982 | D:7      | Learned a level 4 spell: Petrify
  5015 | D:7      | Learned a level 5 spell: Borgnjor's Vile Clutch
  5056 | D:7      | Found a glowing silver altar of Zin.
  5255 | D:7      | Reached skill level 5 in Earth Magic
  5326 | D:7      | You fall into a shaft and drop 1 floor!
  5345 | D:8      | Reached skill level 5 in Necromancy
  5607 | D:8      | Noticed a purple ugly thing
  5702 | D:8      | Reached XP level 10. HP: 72/74 MP: 12/17
  5738 | D:8      | Reached ** piety under Kikubaaqudgha
  6586 | D:7      | Noticed a kobold demonologist
  6586 | D:7      | Noticed a seven-headed hydra
  6720 | D:7      | Killed a kobold demonologist
  6880 | D:7      | Learned a level 3 spell: Vampiric Draining
  6891 | D:7      | Killed a seven-headed hydra
  6892 | D:7      | Reached XP level 11. HP: 79/79 MP: 6/20
  7022 | D:8      | Killed a purple ugly thing
  7041 | D:8      | Reached *** piety under Kikubaaqudgha
  7041 | D:8      | Received a gift from Kikubaaqudgha
  7047 | D:8      | Learned a level 4 spell: Dispel Undead
  7844 | D:9      | Reached skill level 10 in Earth Magic
  8054 | D:9      | Reached **** piety under Kikubaaqudgha
  8071 | D:9      | Found a staircase to the Lair.
  8100 | D:9      | Reached skill level 10 in Necromancy
  8383 | D:9      | Found a runed translucent gate.
  8383 | D:9      | Found a runed translucent gate.
  8385 | D:9      | Found a runed translucent gate.
  8397 | D:9      | Noticed Elsvaer's ghost (novice DEEE)
  8906 | D:9      | Noticed a deep elf zephyrmancer
  8911 | D:9      | Killed a deep elf zephyrmancer
  8922 | D:9      | Learned a level 3 spell: Mephitic Cloud
  8945 | D:9      | Found the -2 hat of the Alchemist {rElec rPois rF+ rC+ rN+
                  | Will+ rMut rCorr}
  8945 | D:9      | Noticed a deep elf pyromancer
  8950 | D:9      | Killed a deep elf pyromancer
  8951 | D:9      | Reached skill level 1 in Poison Magic
  8993 | D:9      | Found Hian's Antique Armour Shop.
  9080 | D:9      | Reached XP level 12. HP: 84/86 MP: 6/22
  9094 | D:9      | Reached ***** piety under Kikubaaqudgha
  9175 | D:9      | Reached skill level 1 in Air Magic
  9177 | D:9      | Killed Elsvaer's ghost
  9386 | D:10     | Entered Level 10 of the Dungeon
  9967 | D:10     | Found a staircase to the Orcish Mines.
  9978 | D:10     | Got the Guide on the Flamy Traveller
 10171 | Orc:1    | Entered Level 1 of the Orcish Mines
 10175 | Orc:1    | Noticed Fannar
 10187 | Orc:1    | Noticed Urug
 10189 | Orc:1    | Noticed Maurice
 10197 | Orc:1    | Killed Fannar
 10199 | Orc:1    | Killed Maurice
 10199 | Orc:1    | Killed Urug
 10200 | Orc:1    | Reached skill level 5 in Poison Magic
 10297 | Orc:2    | Entered Level 2 of the Orcish Mines
 10297 | Orc:2    | Noticed an orc high priest
 10388 | Orc:2    | Noticed a soul eater
 10475 | Orc:2    | Gained mutation: You are dopey. (Int -2) [a neqoxec]
 10478 | Orc:2    | Gained mutation: You are partially covered in iridescent
                  | scales. (AC +2) [a neqoxec]
 10479 | Orc:2    | Killed an orc high priest
 10662 | Orc:2    | Noticed an orc high priest
 10994 | Orc:2    | Killed an orc high priest
 11008 | Orc:2    | Reached XP level 13. HP: 77/91 MP: 8/23
 11155 | Orc:2    | Found a staircase to the Elven Halls.
 11248 | Orc:2    | Reached ****** piety under Kikubaaqudgha
 11249 | Orc:2    | Reached skill level 5 in Air Magic
 11276 | Orc:1    | Received a gift from Kikubaaqudgha
 11278 | Orc:1    | Fell from the grace of Kikubaaqudgha
 11509 | Temple   | Became a worshipper of Gozag Ym Sagoz the Greedy
 11704 | D:10     | Found Voino's Distillery.
 11707 | D:10     | Bought a potion of degeneration for 13 gold pieces
 12906 | Orc:2    | Found Ustiram's Antique Armour Shop.
 12906 | Orc:2    | Found Icleiqaq's General Store.
 12914 | Orc:2    | Found Xeop's Weapon Shoppe.
 12914 | Orc:2    | Found Luni's Book Shop.
 13174 | Orc:1    | Reached skill level 5 in Dodging
 13410 | Lair:1   | Entered Level 1 of the Lair of Beasts
 14424 | Lair:2   | Noticed a catoblepas
 14439 | Lair:2   | Killed a catoblepas
 14440 | Lair:2   | Reached XP level 14. HP: 44/105 MP: 6/24
 14564 | Lair:2   | Got the Catalogue of Execration
 15195 | Lair:3   | Found a runed translucent door.
 15203 | Lair:3   | Noticed Huasawuy's ghost (journeyman TrWz)
 16079 | Lair:3   | Killed Huasawuy's ghost
 16115 | Lair:4   | Found a gate leading to a gauntlet.
 16122 | Gauntlet | Entered a Gauntlet
 16122 | Gauntlet | Found a transporter.
 16122 | Gauntlet | Found a transporter.
 16124 | Gauntlet | Found a transporter.
 16124 | Gauntlet | Found a transporter.
 16129 | Gauntlet | Found a transporter.
 16169 | Gauntlet | Found a transporter.
 16171 | Gauntlet | Found a transporter.
 16171 | Gauntlet | Found a transporter.
 16187 | Gauntlet | Found a transporter.
 16198 | Gauntlet | Found a transporter.
 16208 | Gauntlet | Found a transporter.
 16225 | Gauntlet | Found a transporter.
 16242 | Gauntlet | Found a transporter.
 16253 | Gauntlet | Found a transporter.
 16339 | Gauntlet | Identified the -4 pair of boots of Fortification {rElec
                  | Will+ Str-5 Dex+4}
 16393 | Gauntlet | Mangled by a large abomination

Illustrated notes

Levels and vault maps discovered:
D:1:      dpeg_arrival_solitude, layout_basic,
          hellmonk_ecumenical_altar_inner_sanctum, serial_shops, shop
D:2:      layout_basic
D:3:      layout_loops_cross, mainiacjoe_overflow_chevrons, trog_hazing_becter,
          minmay_goblin_outpost, uniq_crazy_yiuf_cottage
D:4:      layout_loops_cross
D:5:      layout_loops_ring, marbit_many_paths, lemuel_temple_firewalk_b,
          nicolae_shop_gadgets
D:6:      layout_rooms, chei_slow_surprise, nicolae_overflow_hidden_temple,
          minmay_fire_ice_demons, uniq_sigmund, uniq_grinder
D:7:      minmay_the_grid_triangle_9x9_recursive_2
          [minmay_the_grid_triangle_9x9_prize_insulated,
          minmay_the_grid_triangle_9x9_thin_v,
          minmay_the_grid_triangle_9x9_corrupted_corridor,
          minmay_the_grid_triangle_9x9_negative_grid], layout_basic, zin_academy
D:8:      layout_basic, serial_undead, serial_undead_f, serial_undead_b,
          serial_undead_d, serial_undead_d
D:9:      layout_long_grid, due_lair_maze_entry_diamond, serial_ice,
          serial_ice_o, serial_ice_l, serial_ice_c, serial_ice_f,
          biasface_ghost_orc_armoury, serial_shops, shop, kennysheep_path_1,
          hangedman_minor_magic
D:10:     layout_layer_cave, orc_0_dummy, serial_shops,
          nicolae_shop_behind_doors
Temple:   compressed_dpeg_circular_temple
Lair:1:   layout_chaotic_city
Lair:2:   layout_gridlike, cheibrodos_lair_caveside_slide,
          small_statue_intersection, infiniplex_staircase_pool_2
Lair:3:   layout_cave_shapes, ebering_ghost_inner_flame,
          infiniplex_staircase_pool
Lair:4:   layout_loops_ring, skrybe_swamp_entry_bodies,
          spider_nest_entry_rubble, lightli_volcano_entry_magma_tube,
          gauntlet_entry_generic
Orc:1:    layout_diamond_mine, uniq_urug, uniq_fannar, uniq_maurice
Orc:2:    grunt_orc_tribal_feast, layout_diamond_mine, basic_altar,
          nicolae_orc_lost_temple
Gauntlet: gammafunk_gauntlet_mixed_choke_point
          [minmay_gauntlet_arena_77_terracotta_army,
          minmay_gauntlet_arena_77_mess, minmay_gauntlet_arena_77_two_lines,
          nicolae_gauntlet_arena_blocks, minmay_gauntlet_arena_77_block_sizes,
          minmay_gauntlet_arena_77_fan, minmay_gauntlet_arena_77_tiled_triplets,
          gauntlet_exit_hidden_loot]

Skill      XL: |  1  2  3  4  5  6  7  8  9 10 11 12 13 14 |
---------------+-------------------------------------------+-----
Conjurations   | 4 5 6 |  6.0
Fighting       | 1 2 3 5 8 9 |  9.8
Armour         | 1 2 3 5 8 9 |  9.8
Spellcasting   | 3 4 5 6 7 |  7.0
Dodging        | 3 6 7 |  7.0
Necromancy     | 1 5 9 10 12 | 12.0
Earth Magic    | 2 6 9 11 12 | 12.2
Poison Magic   | 1 6 |  6.0
Air Magic      | 4 6 |  6.0
Stealth        | |  2.4

Action                   |  1- 3 |  4- 6 |  7- 9 | 10-12 | 13-15 || total
-------------------------+-------+-------+-------+-------+-------++-------
Melee: Great sword       |       |       |     4 |   108 |    68 ||   180
       Staff             |       |       |       |     6 |       ||     6
       Punch             |       |       |       |     2 |     8 ||    10
       Long sword        |       |       |       |       |   123 ||   123
 Fire: Hunting sling     |       |    19 |     7 |    52 |       ||    78
       Shortbow          |       |       |       |    44 |    86 ||   130
 Cast: Magic Dart        |    78 |    49 |   101 |    35 |       ||   263
       Searing Ray       |     3 |    19 |    68 |    23 |       ||   113
       Borgnjor's Vile C |       |       |       |   169 |   177 ||   346
       Vampiric Draining |       |       |       |    17 |     2 ||    19
       Sublimation of Bl |       |       |       |    48 |    27 ||    75
       Dispel Undead     |       |       |       |     7 |     4 ||    11
       Mephitic Cloud    |       |       |       |     1 |     3 ||     4
Invok: Receive Forbidden |       |       |       |       |     1 ||     1
       Renounce Religion |       |       |       |       |     1 ||     1
 Abil: Dig               |       |       |     4 |     1 |       ||     5
       Shaft Self        |       |       |     1 |       |       ||     1
Evoke: Wand              |       |       |       |     1 |       ||     1
  Use: Scroll            |       |       |     5 |     1 |     4 ||    10
       Potion            |       |       |     4 |     1 |       ||     5
 Stab: Distracted        |       |       |       |       |     2 ||     2
Armor: Robe              |     4 |     2 |    21 |     8 |       ||    35
       Leather armour    |       |       |       |     9 |       ||     9
       Troll leather arm |       |       |       |    61 |    62 ||   123
Dodge: Dodged            |     7 |    10 |    58 |   280 |   224 ||   579
